PIO (24 & UNDER)
SASKATOON SMOKIN' GUNS @ COLORADO COMMANDERS
05/04/2030
 
TOP OF THE 1ST
Saskatoon Smokin' Guns batting - Pitching for Colorado Commanders : RHP Alejandro Herrera
Pitching: RHP Alejandro Herrera
Batting: RHB Júlio Durán 0-0: Reached on error, E4 (Groundball, 4)
Batting: LHB Rubén Salazar 0-0: Called Strike
0-1: Ball
1-1: Ball
2-1: Foul Ball, location: 2F
2-2: Strikes out swinging
Batting: RHB Juan Alvarado 0-0: Called Strike
0-1: Ball
1-1: Called Strike
1-2: Ball
2-2: SINGLE (Groundball, 34D)
Júlio Durán to third
Runner from 3rd tries for Home, SAFE, no throw
Batting: RHB Lyle Johnston 0-0: Called Strike
0-1: Ball
1-1: Called Strike
1-2: Strikes out swinging
Juan Alvarado steals 2nd base
Batter strikes out.
Batting: RHB Juan Cardenas 0-0: Foul Ball, location: 2F
0-1: Swinging Strike
0-2: Strikes out looking
Top of the 1st over - 1 run, 1 hit, 1 error, 1 left on base; Saskatoon 1 - Colorado 0
BOTTOM OF THE 1ST
Colorado Commanders batting - Pitching for Saskatoon Smokin' Guns : RHP Ismael Ramírez
Pitching: RHP Ismael Ramírez
Batting: LHB Abraham Horton 0-0: Called Strike
0-1: SINGLE (Groundball, 34D)
Batting: RHB Lawrence Ware 0-0: Foul Ball, location: 2F
0-1: Ball
1-1: Ground out 4-3 (Groundball, 4S)
Abraham Horton to second
Batting: LHB Arthur Guzmán 0-0: Ground out 6-3 (Groundball, 6MD)
Abraham Horton to third
Batting: LHB Francisco Ríos 0-0: Foul Ball, location: 2F
0-1: Called Strike
0-2: Strikes out swinging
Bottom of the 1st over - 0 runs, 1 hit, 0 errors, 1 left on base; Saskatoon 1 - Colorado 0
TOP OF THE 2ND
Saskatoon Smokin' Guns batting - Pitching for Colorado Commanders : RHP Alejandro Herrera
Batting: RHB Artie Turner 0-0: Foul Ball, location: 2F
0-1: Ball
1-1: Foul Ball, location: 2F
1-2: Ball
2-2: Ball
3-2: Base on Balls
Batting: RHB Luis Suárez 0-0: Called Strike
0-1: Ground out U3 (Groundball, 3S)
Artie Turner to second
Batting: SHB Mathew Olson 0-0: Ball
1-0: Called Strike
1-1: Foul Ball, location: 2F
1-2: Foul Ball, location: 2F
1-2: Strikes out swinging
Batting: SHB Pedro Rodríguez 0-0: SINGLE (Groundball, 5D)
Artie Turner to third
Runner from 3rd tries for Home, SAFE, no throw
Batting: RHB Júlio Durán 0-0: Ball
1-0: Ball
2-0: Ball
3-0: Base on Balls
Pedro Rodríguez to second
Batting: LHB Rubén Salazar 0-0: Ball
1-0: Ground out 1-3 (Groundball, P)
Top of the 2nd over - 1 run, 1 hit, 0 errors, 2 left on base; Saskatoon 2 - Colorado 0
BOTTOM OF THE 2ND
Colorado Commanders batting - Pitching for Saskatoon Smokin' Guns : RHP Ismael Ramírez
Batting: RHB Henry Cahill 0-0: Ball
1-0: SOLO HOME RUN (Flyball, 9LD), Distance : 363 ft
Batting: RHB Félix Campos 0-0: SINGLE (Groundball, 34D)
Batting: RHB Joe Roberts 0-0: Ball
1-0: Grounds into double play, 5-4-3 (Groundball, 5)
Batting: RHB Carlos Jiménez 0-0: Ball
1-0: Called Strike
1-1: Swinging Strike
1-2: Foul Ball, location: 2F
1-2: Fly out, F8 (Flyball, 8RM)
Bottom of the 2nd over - 1 run, 2 hits, 0 errors, 0 left on base; Saskatoon 2 - Colorado 1
TOP OF THE 3RD
Saskatoon Smokin' Guns batting - Pitching for Colorado Commanders : RHP Alejandro Herrera
Batting: RHB Juan Alvarado 0-0: Called Strike
0-1: Swinging Strike
0-2: Ball
1-2: Ball
2-2: Strikes out swinging
Batting: RHB Lyle Johnston 0-0: Fly out, F4 (Popup, 4)
Batting: RHB Juan Cardenas 0-0: Ball
1-0: Called Strike
1-1: SINGLE (Line Drive, 78S)
Batting: RHB Artie Turner 0-0: Ball
1-0: Called Strike
1-1: Fly out, F8 (Flyball, 8LD)
Top of the 3rd over - 0 runs, 1 hit, 0 errors, 1 left on base; Saskatoon 2 - Colorado 1
BOTTOM OF THE 3RD
Colorado Commanders batting - Pitching for Saskatoon Smokin' Guns : RHP Ismael Ramírez
Batting: RHB Sergio Gómez 0-0: Called Strike
0-1: Foul Ball, location: 2F
0-2: Ball
1-2: Ball
2-2: Strikes out swinging
Batting: LHB Abraham Horton 0-0: Ball
1-0: Swinging Strike
1-1: Swinging Strike
1-2: Ball
2-2: Ball
3-2: Foul Ball, location: 2F
3-2: Base on Balls
Batting: RHB Lawrence Ware 0-0: Ball
1-0: 2-RUN HOME RUN (Flyball, 7LD), Distance : 353 ft
Batting: LHB Arthur Guzmán 0-0: Ball
1-0: SINGLE (Flyball, 5D)
Batting: LHB Francisco Ríos 0-0: Called Strike
0-1: Foul Ball, location: 2F
0-2: Strikes out looking
Batting: RHB Henry Cahill 0-0: Foul Ball, location: 2F
0-1: Called Strike
0-2: SINGLE (Flyball, 8RS)
Arthur Guzmán to second
Batting: RHB Félix Campos 0-0: Called Strike
0-1: Fly out, F7 (Flyball, 78M)
Bottom of the 3rd over - 2 runs, 3 hits, 0 errors, 2 left on base; Saskatoon 2 - Colorado 3
TOP OF THE 4TH
Saskatoon Smokin' Guns batting - Pitching for Colorado Commanders : RHP Alejandro Herrera
Batting: RHB Luis Suárez 0-0: Ball
1-0: Foul Ball, location: 2F
1-1: Foul Ball, location: 2F
1-2: Ball
2-2: Strikes out swinging
Batting: SHB Mathew Olson 0-0: Foul Ball, location: 2F
0-1: Fly out, F9 (Flyball, 89D)
Batting: SHB Pedro Rodríguez 0-0: Ball
1-0: Ball
2-0: Called Strike
2-1: Ball
3-1: SINGLE (Line Drive, 6MD)
Batting: RHB Júlio Durán 0-0: Ball
1-0: Ball
2-0: Foul Ball, location: 2F
2-1: Swinging Strike
2-2: Ground out 4-3 (Groundball, 34)
Top of the 4th over - 0 runs, 1 hit, 0 errors, 1 left on base; Saskatoon 2 - Colorado 3
BOTTOM OF THE 4TH
Colorado Commanders batting - Pitching for Saskatoon Smokin' Guns : RHP Ismael Ramírez
Batting: RHB Joe Roberts 0-0: Called Strike
0-1: SINGLE (Groundball, 34D)
Batting: RHB Carlos Jiménez 0-0: Foul Ball, location: 2F
0-1: Called Strike
0-2: Foul Ball, location: 2F
0-2: Ball
1-2: Strikes out swinging
Batting: RHB Sergio Gómez 0-0: Swinging Strike
0-1: Ball
1-1: Ground out 5-3 (Groundball, 56S)
Joe Roberts to second
Batting: LHB Abraham Horton 0-0: Called Strike
0-1: Swinging Strike
0-2: Strikes out swinging
Bottom of the 4th over - 0 runs, 1 hit, 0 errors, 1 left on base; Saskatoon 2 - Colorado 3
TOP OF THE 5TH
Saskatoon Smokin' Guns batting - Pitching for Colorado Commanders : RHP Alejandro Herrera
Batting: LHB Rubén Salazar 0-0: Called Strike
0-1: Ground out 1-3 (Groundball, 13)
Batting: RHB Juan Alvarado 0-0: Swinging Strike
0-1: Ball
1-1: SINGLE (Groundball, P) (infield hit)
Batting: RHB Lyle Johnston 0-0: Ball
1-0: Ball
2-0: SINGLE (Groundball, 34D)
Juan Alvarado to second
Runner from 2nd tries for 3rd, SAFE, no throw
Batting: RHB Juan Cardenas 0-0: Foul Ball, location: 2F
0-1: Called Strike
0-2: Ball
Lyle Johnston steals 2nd base
1-2: Ball
2-2: Fly out, F9 (Flyball, 9S)
Batting: RHB Artie Turner 0-0: Called Strike
0-1: Foul Ball, location: 2F
0-2: Foul Ball, location: 2F
0-2: Foul Ball, location: 2F
0-2: Foul Ball, location: 2F
0-2: Foul Ball, location: 2F
0-2: Strikes out swinging
Top of the 5th over - 0 runs, 2 hits, 0 errors, 2 left on base; Saskatoon 2 - Colorado 3
BOTTOM OF THE 5TH
Colorado Commanders batting - Pitching for Saskatoon Smokin' Guns : RHP Ismael Ramírez
Batting: RHB Lawrence Ware 0-0: Fly out, F4 (Line Drive, 4M)
Batting: LHB Arthur Guzmán 0-0: Ball
1-0: Ball
2-0: Ball
3-0: Called Strike
3-1: Base on Balls
Batting: LHB Francisco Ríos 0-0: Called Strike
0-1: Ground out 4-3 (Groundball, 4S)
Arthur Guzmán to second
Batting: RHB Henry Cahill 0-0: Fly out, F4 (Line Drive, 4)
Bottom of the 5th over - 0 runs, 0 hits, 0 errors, 1 left on base; Saskatoon 2 - Colorado 3
TOP OF THE 6TH
Saskatoon Smokin' Guns batting - Pitching for Colorado Commanders : RHP Alejandro Herrera
Batting: RHB Luis Suárez 0-0: Called Strike
0-1: Foul Ball, location: 2F
0-2: Strikes out swinging
Batting: SHB Mathew Olson 0-0: Called Strike
0-1: Ball
1-1: Called Strike
1-2: Ground out 4-3 (Groundball, 4)
Batting: SHB Pedro Rodríguez 0-0: Called Strike
0-1: Ball
1-1: Foul Ball, location: 2F
1-2: Ball
2-2: Ball
3-2: SINGLE (Line Drive, 89S)
Batting: RHB Júlio Durán 0-0: Called Strike
0-1: Foul Ball, location: 2F
0-2: Foul Ball, location: 2F
0-2: Foul Ball, location: 2F
0-2: Ball
1-2: Ball
2-2: Fielders Choice at 2nd, 6-4 (Groundball, 6)
Top of the 6th over - 0 runs, 1 hit, 0 errors, 1 left on base; Saskatoon 2 - Colorado 3
BOTTOM OF THE 6TH
Colorado Commanders batting - Pitching for Saskatoon Smokin' Guns : RHP Ismael Ramírez
Batting: RHB Félix Campos 0-0: Ball
1-0: Called Strike
1-1: Ball
2-1: Ball
3-1: Base on Balls
Batting: RHB Joe Roberts 0-0: Ball
1-0: Ball
Félix Campos steals 2nd base
2-0: Intentional Walk
Batting: RHB Carlos Jiménez 0-0: Foul Ball, location: 2F
0-1: DOUBLE (Line Drive, 7LS)
Félix Campos scores
Joe Roberts to third
Pitching: RHP Iván López
Batting: RHB Sergio Gómez 0-0: Swinging Strike
0-1: Fly out, F7 (Flyball, 7D)
Runner from 3rd tags up, SCORES, throw made
Batting: LHB Abraham Horton 0-0: Swinging Strike
0-1: Foul Ball, location: 2F
0-2: Strikes out swinging
Batting: RHB Lawrence Ware 0-0: Foul Ball, location: 2F
0-1: Swinging Strike
0-2: Strikes out looking
Bottom of the 6th over - 2 runs, 1 hit, 0 errors, 1 left on base; Saskatoon 2 - Colorado 5
TOP OF THE 7TH
Saskatoon Smokin' Guns batting - Pitching for Colorado Commanders : RHP Alejandro Herrera
Pitching: RHP Barrett Perry
Batting: LHB Rubén Salazar 0-0: Called Strike
0-1: Ball
1-1: Ball
2-1: Ball
3-1: Base on Balls
Batting: RHB Juan Alvarado 0-0: Fly out, F8 (Flyball, 8RM)
Batting: RHB Lyle Johnston 0-0: Ball
1-0: Ball
2-0: Called Strike
2-1: Ball
3-1: Base on Balls
Rubén Salazar to second
Batting: RHB Juan Cardenas 0-0: Called Strike
0-1: Swinging Strike
0-2: Foul Ball, location: 2F
0-2: Ball
1-2: Strikes out swinging
Batting: RHB Artie Turner 0-0: Called Strike
0-1: Swinging Strike
0-2: Ball
1-2: Foul Ball, location: 2F
1-2: Strikes out looking
Top of the 7th over - 0 runs, 0 hits, 0 errors, 2 left on base; Saskatoon 2 - Colorado 5
BOTTOM OF THE 7TH
Colorado Commanders batting - Pitching for Saskatoon Smokin' Guns : RHP Iván López
Batting: LHB Arthur Guzmán 0-0: Foul Ball, location: 2F
0-1: Ball
1-1: SINGLE (Line Drive, 56D)
Batting: LHB Francisco Ríos 0-0: Called Strike
Arthur Guzmán steals 2nd base
0-1: Ball
1-1: Intentional Walk
Batting: RHB Henry Cahill 0-0: Ball
1-0: Foul Ball, location: 2F
1-1: Ball
2-1: Grounds into double play, 3-6-3 (Groundball, 34)
Arthur Guzmán to third
Batting: RHB Félix Campos 0-0: Ball
1-0: Ball
2-0: Fly out, F7 (Flyball, 78M)
Bottom of the 7th over - 0 runs, 1 hit, 0 errors, 1 left on base; Saskatoon 2 - Colorado 5
TOP OF THE 8TH
Saskatoon Smokin' Guns batting - Pitching for Colorado Commanders : RHP Barrett Perry
Batting: RHB Luis Suárez 0-0: Ball
1-0: Foul Ball, location: 2F
1-1: Called Strike
1-2: Ground out 1-4-3 (Groundball, 15S)
Batting: SHB Mathew Olson 0-0: Called Strike
0-1: Ball
1-1: Ball
2-1: Ball
3-1: Base on Balls
Batting: SHB Pedro Rodríguez 0-0: Called Strike
0-1: Ball
1-1: Ball
2-1: Fly out, F8 (Flyball, 8LS)
Batting: RHB Júlio Durán 0-0: Called Strike
0-1: Called Strike
0-2: Reached on error, E3 (Groundball, 3L)
Mathew Olson to second
Batting: LHB Rubén Salazar 0-0: Ball
1-0: Foul Ball, location: 2F
1-1: Swinging Strike
1-2: Foul Ball, location: 2F
1-2: Ball
2-2: Foul Ball, location: 2F
2-2: Ball
3-2: Fly out, F8 (Flyball, 78D)
Top of the 8th over - 0 runs, 0 hits, 1 error, 2 left on base; Saskatoon 2 - Colorado 5
BOTTOM OF THE 8TH
Colorado Commanders batting - Pitching for Saskatoon Smokin' Guns : RHP Iván López
Batting: RHB Joe Roberts 0-0: Called Strike
0-1: Ball
1-1: Foul Ball, location: 2F
1-2: Ball
2-2: Ball
3-2: Base on Balls
Batting: RHB Carlos Jiménez 0-0: Ball
1-0: Called Strike
1-1: Foul Ball, location: 2F
1-2: Foul Ball, location: 2F
1-2: Foul Ball, location: 2F
1-2: Strikes out swinging
Batting: RHB Sergio Gómez 0-0: Called Strike
0-1: Ball
1-1: Foul Ball, location: 2F
1-2: Ball
Joe Roberts steals 2nd base
2-2: Strikes out swinging
Batting: LHB Abraham Horton 0-0: Ball
1-0: Called Strike
1-1: SINGLE (Line Drive, 7S)
Joe Roberts to third
Runner from 3rd tries for Home, SAFE, no throw
Batting: RHB Lawrence Ware 0-0: Ball
1-0: Called Strike
Abraham Horton is caught stealing 2nd base
Bottom of the 8th over - 1 run, 1 hit, 0 errors, 0 left on base; Saskatoon 2 - Colorado 6
TOP OF THE 9TH
Saskatoon Smokin' Guns batting - Pitching for Colorado Commanders : RHP Barrett Perry
Batting: RHB Juan Alvarado 0-0: Ball
1-0: Ball
2-0: Foul Ball, location: 2F
2-1: Ball
3-1: Foul Ball, location: 2F
3-2: Foul Ball, location: 2F
3-2: Base on Balls
Batting: RHB Lyle Johnston 0-0: Foul Ball, location: 2F
0-1: Foul Ball, location: 2F
0-2: Strikes out swinging
Batting: RHB Juan Cardenas 0-0: Fielders Choice at 2nd, 1-6 (Groundball, 13)
Batting: RHB Artie Turner 0-0: Fly out, F8 (Line Drive, 8LM)
Top of the 9th over - 0 runs, 0 hits, 0 errors, 1 left on base; Saskatoon 2 - Colorado 6
Saturday, April 7th, 2018 - OOTP Baseball 18.8 Build 76